 Dungeon Crawl Stone Soup version 0.17.1-3-g152610e (webtiles) character file.

139 manyhoops the Skirmisher (level 5, 0/43 HPs)
             Began as a Draconian Chaos Knight on Apr 5, 2016.
             Killed from afar by Shufflesack's ghost (2 damage)
             ... with a zap
             ... on level 4 of the Dungeon.
             The game lasted 00:09:26 (2338 turns).

manyhoops the Skirmisher (Draconian Chaos Knight)   Turns: 2338, Time: 00:09:26

Health: 0/43       AC:  5    Str: 16    XL:     5   Next: 1%
Magic:  5/5        EV: 12    Int: 12    God:    Xom [..*...]
Gold:   80         SH:  0    Dex:  8    Spells: 1 memorised, 2 levels left

rFire  . . .     SeeInvis .     a - +1 spear (chaos)
rCold  . . .     Clarity  .     (armour unavailable)
rNeg   . . .     SustAt   .     (no shield)
rPois  .         Gourm    .     (helmet restricted)
rElec  .         Spirit   .     (no cloak)
rCorr  .         Warding  .     (no gloves)
rMut   .         Stasis   .     (no boots)
MR     .....                    (no amulet)
Stlth  +.........               (no ring)
                                (no ring)

@: not resistant to hostile enchantments, very unstealthy
A: unfitting armour, clumsy 1, frail 1, cold-blooded, AC +5
a: Renounce Religion


You were on level 4 of the Dungeon.
You worshipped Xom.
You were a toy of Xom.
You were hungry.

You visited 1 branch of the dungeon, and saw 5 of its levels.

You collected 80 gold pieces.

Inventory:

Hand Weapons
 a - a +1 spear of chaos (weapon)
Armour
 j - a +0 robe
Wands
 o - a wand of magic darts (4)
Scrolls
 g - a scroll of recharging {unknown}
 n - a scroll of fear {unknown}
 p - a scroll of remove curse {unknown}
Potions
 d - a potion of cancellation {unknown}
 e - a potion of flight {unknown}
 f - a potion of magic {unknown}
 h - a potion of haste {unknown}
 m - 2 potions of heal wounds {unknown}
Books
 l - a book of Battle

   Spells                             Type                      Level
   a - Infusion                       Charms                       1
   b - Shroud of Golubria             Charms/Translocation         2
   c - Song of Slaying                Charms                       2
   d - Spectral Weapon                Hexes/Charms                 3
   e - Regeneration                   Charms/Necromancy            3
Comestibles
 b - 2 bread rations
 c - 2 meat rations
 k - 4 fruits


   Skills:
 * Level 5.0 Fighting
 + Level 4.4 Polearms
 - Level 2.1 Dodging
 - Level 0.2 Stealth


You had 2 spell levels left.
You knew the following spells:

 Your Spells              Type           Power        Failure   Level  Hunger
a - Song of Slaying       Chrm           #.......     52%         2    ###....


Dungeon Overview and Level Annotations

Branches:
Dungeon (5/15)
 Temple: D:4-7

Altars:
Cheibriados
Gozag

Annotations:
D:4 Shufflesack's ghost, amateur DrAE


Innate Abilities, Weirdness & Mutations

Your plain brown scales are hard (AC +5).
Your body does not fit into most forms of armour.
You are cold-blooded and may be slowed by cold attacks.
You are clumsy. (Dex -2)
You are frail (-10% HP).


Message History

You hit Shufflesack's ghost. You burn Shufflesack's ghost.
Your tail-slap misses Shufflesack's ghost.
Shufflesack's ghost is lightly damaged.
Shufflesack's ghost closely misses you.
An orc comes into view. It is wielding a hand axe.
You closely miss Shufflesack's ghost.
Your tail-slap misses Shufflesack's ghost.
Shufflesack's ghost is lightly damaged.
Shufflesack's ghost points at you and mumbles some strange words.
The zap hits you!
* * * LOW HITPOINT WARNING * * *
You hit Shufflesack's ghost but do no damage.
Shufflesack's ghost is lightly damaged.
Shufflesack's ghost hits you but does no damage.
You closely miss Shufflesack's ghost.
Shufflesack's ghost is lightly damaged.
Shufflesack's ghost points at you and mumbles some strange words.
The zap hits you!
You die...
Xom chuckles heartily!

..#### ......
.....####......
................
................
................
...###.........# .###
###.......### ..# .#
#.........###...# ##
#........@......# #
#.........W.o...# #
###.....$..####.... #
###.....#....## ...
####........#....# .
##.....#.........##
.....#............#
...##..............#
..##.................


You could see Shufflesack's ghost and an orc.

Vanquished Creatures
  Natasha (thrice) (D:2)
  A worker ant (D:4)
  2 adders
  2 oozes
  An adder skeleton (D:4)
  A worm (D:2)
  2 giant geckos (D:1)
  3 orcs
  7 bats
  A giant cockroach (D:2)
  7 hobgoblins
  4 jackals (D:4)
  5 giant newts
  A goblin (D:3)
  3 kobolds (D:2)
  A quokka (D:3)
  7 rats
51 creatures vanquished.

Notes
Turn   | Place    | Note
--------------------------------------------------------------
     0 | D:1      | manyhoops the Draconian Chaos Knight began the quest for the Orb.
     0 | D:1      | Reached XP level 1. HP: 19/19 MP: 1/1
    10 | D:1      | XOM: divination: detect creatures
   421 | D:1      | Reached XP level 2. HP: 26/26 MP: 2/2
   591 | D:1      | XOM: harmless Divn miscast
   721 | D:2      | Noticed Natasha
   729 | D:2      | Killed Natasha
   729 | D:2      | Reached skill level 4 in Fighting
   729 | D:2      | Reached XP level 3. HP: 18/33 MP: 3/3
   743 | D:2      | Learned a level 2 spell: Song of Slaying
   776 | D:2      | Found a snail-covered altar of Cheibriados.
   877 | D:2      | Found an opulent altar of Gozag.
  1127 | D:2      | XOM: give mutations
  1127 | D:2      | Gained mutation: You are clumsy. (Dex -2) [Xom's mischief]
  1127 | D:2      | Gained mutation: You are frail (-10% HP). [Xom's mischief]
  1227 | D:2      | XOM: harmless Air miscast
  1274 | D:2      | Noticed Natasha
  1280 | D:2      | Killed Natasha
  1280 | D:2      | Reached XP level 4. HP: 36/36 MP: 4/4
  1465 | D:2      | XOM: cast spell 'Spider Form'
  1552 | D:2      | Noticed Natasha
  1556 | D:2      | Killed Natasha
  1731 | D:2      | XOM is BORED!
  1731 | D:2      | XOM: silly message
  1914 | D:3      | XOM: mild Summ miscast
  1916 | D:3      | XOM: divination: detect items
  2217 | D:4      | XOM: enchant monster (good)
  2274 | D:4      | Reached skill level 5 in Fighting
  2275 | D:4      | Noticed Shufflesack's ghost (amateur DrAE)
  2276 | D:4      | XOM: enchant monster (good)
  2315 | D:4      | Reached XP level 5. HP: 15/43 MP: 5/5
  2321 | D:4      | XOM: cast spell 'Blink'
  2328 | D:5      | Entered Level 5 of the Dungeon
  2328 | D:5      | Noticed a sky beast
  2332 | D:4      | XOM: noise
  2336 | D:4      | HP: 2/43 [Shufflesack's ghost/zap (11)]
  2338 | D:4      | Killed from afar by Shufflesack's ghost

Action                   |  1- 3 |  4- 6 || total
-------------------------+-------+-------++-------
Melee: Spear             |    98 |   101 ||   199
Evoke: Wand              |       |     1 ||     1
  Use: Scroll            |       |     2 ||     2
 Stab: Sleeping          |     1 |       ||     1
       Paralysed         |       |     2 ||     2
  Eat: Chunk             |     1 |     3 ||     4
